cohdb
Replays
Latest Replays
All Replays
Popular Replays
Top Player Replays
Match Explorer
How It Works
Community
CoH3 Stats
Reddit
Sign in to upload your games and track your stats! →
Sign in with Steam
Match 42247630
Unlisted
Match 42247630
Overview
Messages
Build Orders
End
Vickers Machine Gun Team
Construct Section Command Post
Construct Section Command Post
Selects Canadian Shock Battlegroup
Dingo Light Scout Car
Infantry Section
Infantry Section
Selects Attacking Spirit
Selects Canadian Shock Section
Canadian Shock Section
Canadian Shock Section
Construct Platoon Command Post
Selects Incendiary Munitions
Vickers Machine Gun Team
Construct Company Command Post
Royal Engineer Section
Selects Pyrotechnics
Crusader II Medium Tank
Foot Guards Section
Unlock M3 Grant Medium Tanks
Foot Guards Section
Construct Field Infirmary
M3 Grant Medium Tank
6-pounder Anti-tank Gun Team
Infantry Training
M3 Grant Medium Tank
Armored Vehicle Training
mp5
Dawes
Riskit4theBiskit
DieOuweBaas
alex7eva
sonson
fancy bruce
1505884205
0
0
Comments
sign in to comment!
No comments posted yet!